 Dungeon Crawl Stone Soup version 0.30.1-3-gfc49f6343a (webtiles) character file.

Game seed: 16284633534142985402

1651 Fodor the Slasher (level 8, -2/99 (109) HPs)
             Began as a Minotaur Fighter on July 31, 2023.
             Was an Initiate of Gozag.
             Slain by a wight
             ... wielding a +3 trident
              (8 damage)
             ... on level 6 of the Dungeon.
             The game lasted 00:22:59 (4319 turns).

Fodor the Slasher (Minotaur Fighter)                Turns: 4319, Time: 00:23:00

HP:   -2/99 (109)   AC: 24    Str: 18 (20) XL:     8   Next: 68%
MP:   7/7           EV:  2    Int:  3 (5)  God:    Gozag
Gold: 380           SH:  0    Dex: 10 (13) Spells: 7/7 levels left

rFire   . . .        E - +3 dire flail
rCold   . . .        (shield currently unavailable)
rNeg    . . .        b - melded +0 scale mail
rPois   +            (helmet currently unavailable)
rElec   .            (cloak currently unavailable)
rCorr   .            (gloves currently unavailable)
SInv    .            (boots currently unavailable)
Will    .....        (no amulet)
Stlth   +            e - +5 ring of evasion
HPRegen 0.36/turn    q - ring of flight
MPRegen 0.10/turn

%: no passive effects
@: confused, brilliant, tree-form, gold aura, drained
A: stationary, stasis, torment immunity, boosted hp, (horns 2), (retaliatory
headbutt)
a: Renounce Religion, Potion Petition, Call Merchant, Bribe Branch


You were on level 6 of the Dungeon.
You worshipped Gozag.
Gozag was aware of your devotion.
You were a tree.
You visited 2 branches of the dungeon, and saw 7 of its levels.

You collected 434 gold pieces.
You paid 54 gold pieces to Gozag.

Inventory:

Hand Weapons
 h - a +3 war axe of freezing
 E - a +3 dire flail (weapon)
Missiles
 r - 2 throwing nets (quivered)
 C - 6 boomerangs
Armour
 b - a +0 scale mail (melded)
 c - a +0 buckler
Jewellery
 e - a +5 ring of evasion (left branch)
 q - a ring of flight (right branch)
Wands
 t - a wand of polymorph (2)
 v - a wand of flame (24)
Scrolls
 g - 7 scrolls of identify {unknown}
 i - 2 scrolls of torment {unknown}
 j - 4 scrolls of fog {unknown}
 k - a scroll of amnesia {unknown}
 l - a scroll of fear {unknown}
 n - 2 scrolls of teleportation {unknown}
 o - 2 scrolls of noise {unknown}
 p - 2 scrolls of magic mapping {unknown}
 s - a scroll of blinking {unknown}
 u - a scroll of summoning {unknown}
 x - a scroll of acquirement {unknown}
 y - a scroll of vulnerability {unknown}
Potions
 d - a potion of might
 f - a potion of curing
 m - a potion of haste
 w - a potion of brilliance
 B - a potion of attraction {unknown}


   Skills:
 + Level 7.1 Fighting
 + Level 7.5 Long Blades
 + Level 2.6 Maces & Flails
 + Level 7.3 Armour
 + Level 3.3 Dodging
 + Level 0.4 Stealth
 + Level 5.6 Shields


You had 7 spell levels left.
You didn't know any spells.
Your spell library contained the following spells:

 Spells                   Type           Power      Damage    Failure   Level
 Poisonous Vapours        Pois/Air       0%         N/A       67%         2
 Mephitic Cloud           Conj/Pois/Air  0%         N/A       88%         3
 Freezing Cloud           Conj/Ice/Air   0%         6-21      100%        5
 Chain Lightning          Conj/Air       0%         N/A       100%        9
 Fire Storm               Conj/Fire      0%         5d1       100%        9
 Shatter                  Erth           0%         3d5*      100%        9


Dungeon Overview and Level Annotations

Branches:
Dungeon (6/15)             Temple (1/1) D:4

Altars:
Ashenzari
Dithmenos
Gozag
Kikubaaqudgha
Nemelex Xobeh
Okawaru
Qazlal
Ru
Uskayaw
Wu Jian
Xom


Innate Abilities, Weirdness & Mutations

You are a tree.
Your roots penetrate the ground, keeping you stationary.
You cannot be teleported.
You are immune to unholy pain and torment.
Your maximum health is greatly increased.
Your equipment is partially melded.
((You have a pair of horns on your head.))
((You reflexively headbutt those who attack you in melee.))


Message History

The wight hits you from afar with a +3 trident.
You feel drained. The wight hits you with a +0 dagger.
You feel drained.
You closely miss the wight.
The wight is heavily damaged.
The wight misses you. The wight hits you with a +0 dagger.
You puncture the wight!
You destroy the wight!
The wight closely misses you.
Your Maces & Flails skill increases to level 2!
An orc wizard comes into view. It is wielding a +0 dagger.
The wight closely misses you.
Items here: $ )))))) [[[.
The wight hits you with a +3 trident.
* * * LOW HITPOINT WARNING * * *
You feel drained.
You barely miss the wight. Your headbutt misses the wight.
The wight hits you with a +3 trident!
* * * LOW HITPOINT WARNING * * *
The orc wizard casts a spell at you. You resist with some effort.
The orc wizard gestures at you while chanting.
You are confused.
The wight hits you with a +3 trident.
* * * LOW HITPOINT WARNING * * *
You feel drained.
It was a potion of brilliance.
You feel clever all of a sudden. The wight hits you but does no damage.
It was a potion of degeneration.
There was something very wrong with that liquid.
You feel weakened.
You feel dopey.
You feel clumsy. The wight hits you with a +3 trident.
* * * LOW HITPOINT WARNING * * *
You feel drained.
* * * LOW HITPOINT WARNING * * *
It was a potion of lignification.
You turn into a tree.
Your +0 scale mail melds into your body.
Your roots penetrate the ground.
The wight hits you with a +3 trident!
You die...
Your body crumbles into a pile of gold.

#... .. ...###.#
#......# ......
..... #.#$# $
#.#$# #... #.#o#
#..# #.z♣# #..#
#.### #..# ##.#
#..# #..# #..#
##.## #..# #..#
#.<# ###..# #..#
#....# #..#
#...#..#######..#


You could see a wight and an orc wizard.

Vanquished Creatures
  Sigmund (D:2)
  Menkaure (D:4)
  3 ogres (D:5)
  A phantom (D:5)
  A scorpion (D:5)
  9 wights
  3 killer bees (D:5)
  A howler monkey (D:4)
  A jelly (D:5)
  3 hounds
  An iguana (D:6)
  A sleepcap (D:5)
  6 adders
  4 gnolls (D:5)
  An ufetubus (D:4)
  A worm (D:4)
  3 dart slugs
  12 orcs
  7 bats
  5 endoplasms
  3 giant cockroaches
  6 goblins
  5 hobgoblins
  4 jackals (D:2)
  4 quokkas
  8 ball pythons
  3 frilled lizards (D:1)
  13 kobolds
  6 rats
117 creatures vanquished.

Notes
Turn   | Place    | Note
-------+----------+-------------------------------------------
     0 | D:1      | Fodor the Minotaur Fighter began the quest for the Orb.
     0 | D:1      | Reached XP level 1. HP: 19/19 MP: 0/0
   118 | D:1      | Reached XP level 2. HP: 26/27 MP: 1/1
   225 | D:1      | Found a faded altar of an unknown god.
   866 | D:1      | Reached XP level 3. HP: 33/33 MP: 2/2
  1104 | D:2      | Noticed Sigmund
  1109 | D:2      | Killed Sigmund
  1110 | D:2      | Reached skill level 1 in Dodging
  1110 | D:2      | Reached XP level 4. HP: 41/41 MP: 3/3
  1110 | D:2      | Reached XP level 5. HP: 47/47 MP: 4/4
  1948 | D:3      | Reached XP level 6. HP: 55/55 MP: 5/5
  2402 | D:4      | Noticed Menkaure
  2407 | D:4      | Killed Menkaure
  2408 | D:4      | Reached skill level 5 in Fighting
  2408 | D:4      | Reached skill level 5 in Long Blades
  2408 | D:4      | Reached skill level 5 in Armour
  2408 | D:4      | Reached skill level 5 in Shields
  2696 | D:4      | Found a staircase to the Ecumenical Temple.
  2712 | D:4      | Reached XP level 7. HP: 60/61 MP: 6/6
  2731 | Temple   | Entered the Ecumenical Temple
  2757 | Temple   | Became a worshipper of Gozag Ym Sagoz the Greedy
  2998 | D:5      | Entered Level 5 of the Dungeon
  3435 | D:5      | Reached XP level 8. HP: 70/70 MP: 7/7
  3968 | D:5      | Reached skill level 1 in Maces & Flails
  4319 | D:6      | Slain by a wight

Illustrated notes

Levels and vault maps discovered:
D:1:      minmay_arrival_open_corners, layout_basic,
          shapermc_ecumenical_altar_notcrosses, lexackson_kobold_supper
D:2:      layout_basic, uniq_sigmund
D:3:      layout_rooms
D:4:      layout_rooms, minmay_temple_entry_slanted, uniq_menkaure
D:5:      layout_loops_ring, kennysheep_generic_room_7
D:6:      layout_loops_ring, kennysheep_ying_yang, lemuel_doored_altar,
          nrook_pool_corridor
Temple:   nicolae_temple_ecumenical_triangle

Skill      XL: |  1  2  3  4  5  6  7  8 |
---------------+-------------------------+-----
Fighting       | 4 5 6 7 |  7.1
Armour         | 4 5 6 7 |  7.3
Shields        | 4 5 |  5.6
Long Blades    | 4 5 6 7 |  7.5
Dodging        | 1 3 |  3.3
Maces & Flails | 2 |  2.6
Stealth        | |  0.4

Action                     |  1- 3 |  4- 6 |  7- 9 || total
---------------------------+-------+-------+-------++-------
  Melee: Long sword        |    72 |   111 |    82 ||   265
         Headbutt          |    10 |    21 |    25 ||    56
         Dire flail        |       |       |    37 ||    37
    Use: Potion            |       |       |    10 ||    10
 Armour: Scale mail        |    20 |    31 |    28 ||    79
  Dodge: Dodged            |    61 |    79 |   110 ||   250
  Block: Buckler           |    23 |    31 |    20 ||    74
